 Dungeon Crawl Stone Soup version 0.18-a0-739-gdae9da8 (webtiles) character file.

28 cluie the Insei (level 3, -1/27 HPs)
             Began as a Demonspawn Transmuter on Dec 10, 2015.
             Slain by a hobgoblin (3 damage)
             ... on level 2 of the Dungeon.
             The game lasted 00:02:47 (671 turns).

cluie the Insei (Demonspawn Transmuter)              Turns: 671, Time: 00:02:47

Health: -1/27      AC:  2    Str: 10    XL:     3   Next: 0%
Magic:  5/6        EV: 12    Int: 14    God:
Gold:   70         SH:  0    Dex: 14    Spells: 2 memorised, 3 levels left

rFire  . . .     SeeInvis .       - Unarmed
rCold  . . .     Clarity  .     b - +0 robe
rNeg   . . .     SustAt   .     (no shield)
rPois  .         Gourm    .     (no helmet)
rElec  .         Spirit   .     (no cloak)
rCorr  .         Dismiss  .     (no gloves)
rMut   .         Stasis   .     (boots currently unavailable)
MR     .....                    (no amulet)
Stlth  +.........               (no ring)
                                (no ring)

@: appendage (expiring), not resistant to hostile enchantments, very unstealthy
A: talons 3, rot immunity
a: End Transformation


You were on level 2 of the Dungeon.
You were not hungry.
You had grown temporary talons.
You visited 1 branch of the dungeon, and saw 2 of its levels.

You collected 70 gold pieces.

Inventory:

Missiles
 a - 11 arrows
Armour
 b - a +0 robe (worn)
 k - a +0 pair of boots
Jewellery
 h - an uncursed ring of fire
Scrolls
 e - a scroll of amnesia {unknown}
 f - 2 scrolls of identify {unknown}
 i - a scroll of immolation {unknown}
 j - a scroll of random uselessness {unknown}
 p - a scroll of blinking {unknown}
Potions
 g - a potion of cancellation {unknown}
 l - a potion of brilliance {unknown}
 n - 2 potions of might {unknown}
 o - a potion of invisibility {unknown}
Books
 c - a book of Changes

   Spells                             Type                      Level
   a - Beastly Appendage              Transmutation                1
   b - Sticks to Snakes               Transmutation                2
   c - Spider Form                    Transmutation/Poison         3
   d - Ice Form                       Ice/Transmutation            4
   e - Blade Hands                    Transmutation                5
Comestibles
 d - a bread ration
 m - a meat ration


   Skills:
 + Level 1.9 Fighting
 + Level 1.8 Dodging
 * Level 3.3 Unarmed Combat
 - Level 2.0 Spellcasting
 - Level 1.7 Transmutations


You had 3 spell levels left.
You knew the following spells:

 Your Spells              Type           Power        Failure   Level  Hunger
a - Beastly Appendage     Trmt           #.....       14%         1    ##.....
b - Sticks to Snakes      Trmt           #.......     21%         2    ###....


Dungeon Overview and Level Annotations

Branches:
Dungeon (2/15)

Altars:

Annotations:
D:2 Terence


Innate Abilities, Weirdness & Mutations

You are immune to rotting.
You have claws for feet.


Message History

You claw the hobgoblin, but do no damage.
The hobgoblin is moderately wounded.
The hobgoblin hits you.
* * * LOW HITPOINT WARNING * * *
You are too injured to fight recklessly!
You are too injured to fight recklessly!
You are too injured to fight recklessly!
You are too injured to fight recklessly!
You hit the hobgoblin but do no damage.
The hobgoblin is moderately wounded.
The hobgoblin hits you.
* * * LOW HITPOINT WARNING * * *
You hit the hobgoblin.
The hobgoblin is severely wounded.
Your transformation is almost over.
The hobgoblin barely misses you.
You closely miss the hobgoblin.
The hobgoblin is severely wounded.
The hobgoblin hits you.
You die...

#.### ....
≈≈≈§≈≈≈≈≈## ...#
§≈§≈§§≈≈≈≈## ..#
≈≈≈≈§≈≈≈§≈≈##..#
§§§§§§≈≈≈≈≈≈##.#
≈§≈§≈≈≈≈≈≈≈≈≈#.#
≈≈≈≈≈≈≈§≈≈≈§§#@#
#..#§§≈§≈≈≈#g#
#.)§.§..)'g#
#..§..§..'.##
#..#≈§§≈§≈≈#..#
≈≈≈≈≈≈≈§≈§§≈≈#..#
≈≈≈≈≈≈≈§≈§≈≈≈#..#
≈≈≈≈≈§≈≈§§§≈##..##
§≈≈≈≈§≈≈≈≈§##....#


You could see 2 hobgoblins.

Vanquished Creatures
  2 worms (D:2)
  2 giant cockroaches (D:1)
  5 hobgoblins
  3 jackals (D:2)
  3 kobolds
  A quokka (D:2)
  A bat (D:2)
  A giant gecko (D:1)
  A giant newt (D:1)
  2 goblins
  2 rats
23 creatures vanquished.

Notes
Turn   | Place    | Note
--------------------------------------------------------------
     0 | D:1      | cluie the Demonspawn Transmuter began the quest for the Orb.
     0 | D:1      | Reached XP level 1. HP: 15/15 MP: 3/3
   160 | D:2      | Reached skill level 3 in Unarmed Combat
   163 | D:2      | Gained mutation: You are immune to rotting. [demonic ancestry]
   163 | D:2      | Reached XP level 2. HP: 18/21 MP: 5/5
   192 | D:2      | Noticed Terence
   246 | D:1      | Learned a level 2 spell: Sticks to Snakes
   649 | D:2      | Reached XP level 3. HP: 23/27 MP: 6/6
   671 | D:2      | Slain by a hobgoblin

Vault maps used:
D:1:      dpeg_arrival_short_road
D:2:      kennysheep_big_flooded_room, nicolae_gozag_seed_capital,
          item_on_display_a, uniq_robin, uniq_terence

Action                   || total
-------------------------++-------
Melee: Unarmed           ||    72
 Cast: Beastly Appendage ||     6
       Sticks to Snakes  ||     1
